 Dungeon Crawl Stone Soup version 0.30-a0-1114-gd936c97349 (webtiles) character file.

Game seed: 15285292598489920686

2203 tsouns the Shooter (level 9, -7/61 HPs)
             Began as an Octopode Hunter on Apr 20, 2023.
             Was a Believer of Ru.
             Shot with an arrow by a centaur (11 damage)
             ... on level 7 of the Dungeon.
             The game lasted 00:16:29 (5137 turns).

tsouns the Shooter (Octopode Hunter)                Turns: 5137, Time: 00:16:30

Health: -7/61      AC:  1    Str: 10    XL:     9   Next: 34%
Magic:  14/14      EV: 13    Int: 15    God:    Ru [**....]
Gold:   209        SH:  0    Dex: 16    Spells: 12/15 levels left

rFire   x . .      SeeInvis .    a - +1 shortbow (flame)
rCold   x . .      Faith    .    (shield currently unavailable)
rNeg    . . .      Spirit   .    (helmet restricted)
rPois   .          Reflect  .    j - amulet of regeneration
rElec   .          Rampage  .    e - ring of wizardry
rCorr   .                        (no ring)
Will    .....                    (no ring)
Stlth   +++++                    (no ring)
HPRegen 1.10/turn                (no ring)
MPRegen 0.14/turn                (no ring)
                                 (no ring)
                                 (no ring)

@: about to teleport, hasted, studying Conjurations, very quick
A: almost no armour, amphibious, 8 rings, camouflage 1, gelatinous body 1,
temperature sensitive, (nimble swimmer 1), tentacles
a: Renounce Religion


You were on level 7 of the Dungeon.
You worshipped Ru.
Ru was pleased with you.
You visited 1 branch of the dungeon, and saw 7 of its levels.

You collected 377 gold pieces.
You spent 168 gold pieces at shops.

Inventory:

Hand Weapons
 a - a +1 shortbow of flaming (weapon)
 d - a +5 trident of freezing
Missiles
 c - 2 javelins
Jewellery
 e - a ring of wizardry (left tentacle)
 j - an amulet of regeneration (around mantle)
Wands
 o - a wand of acid (2)
 p - a wand of iceblast (4)
 t - a wand of flame (9)
Scrolls
 b - 2 scrolls of immolation
 h - 2 scrolls of enchant armour
 i - a scroll of blinking
 s - 2 scrolls of identify
 u - a scroll of fog
 v - a scroll of silence {unknown}
Potions
 f - 3 potions of curing
 g - a potion of resistance
 l - 2 potions of might
 m - 2 potions of flight
 r - a potion of cancellation {unknown}


   Skills:
 + Level 5.3 Fighting
 + Level 7.2 Ranged Weapons
 - Level 2.0 Dodging
 + Level 7.2 Stealth
 + Level 3.8 Spellcasting
 + Level 6.1 Conjurations
 + Level 4.2 Earth Magic


You had 12 spell levels left.
You knew the following spells:

 Your Spells              Type           Power      Damage    Failure   Level
a - Stone Arrow           Conj/Erth      36%        3d9       2%          3

Your spell library contained the following spells:

 Spells                   Type           Power      Damage    Failure   Level
 Kiss of Death            Conj/Necr      48%        2d9       2%          1
 Hailstorm                Conj/Ice       12%        3d5       6%          3
 Blink                    Tloc           4%         N/A       12%         2
 Confusing Touch          Hex            2%         N/A       22%         3
 Dispel Undead            Necr           2%         3d7       56%         4
 Ice Form                 Ice/Tmut       2%         N/A       56%         4
 Manifold Assault         Tloc           2%         N/A       56%         4
 Simulacrum               Ice/Necr       1%         N/A       100%        6
 Storm Form               Tmut/Air       1%         N/A       100%        7
 Lehudib's Crystal Spear  Conj/Erth      9%         10d4      100%        8
 Animate Armour           Summ/Erth      Unusable   N/A       N/A         4

Dungeon Overview and Level Annotations

Branches:
Dungeon (7/15)             Temple (0/1) D:5

Altars:
Ashenzari
Cheibriados
Elyvilon
Fedhas
Kikubaaqudgha
Ru
Sif Muna
Vehumet
Xom
Zin

Shops:
D:4 !   D:5 =


Innate Abilities, Weirdness & Mutations

You cannot wear most types of armour.
You are amphibious.
You can wear up to eight rings at the same time.
Your skin changes colour to match your surroundings (Stealth+).
Your rubbery body absorbs attacks. (AC +1, EV +1)
You are sensitive to extremes of temperature. (rF-, rC-)
((You are camouflaged when in or above water. (Stealth+)))
You have tentacles for arms and can constrict up to eight enemies at once.


Message History

You feel much better. The bullfrog completely misses you.
You feel yourself speed up. The bullfrog hits you. x2
As you read the scroll of teleportation, it crumbles to dust.
You feel strangely unstable. The bullfrog misses you.
Aiming: Corrosive Bolt
Press: ? - help, Shift-Dir - straight line, f - bullfrog
Aim: a bullfrog (64% to hit)
The bolt of acid hits the bullfrog!
The acid corrodes the bullfrog!
The bullfrog is heavily wounded.
The bolt of acid hits the wyvern!
The acid corrodes the wyvern!
The wyvern is moderately wounded.
The bolt of acid hits the hound!
You kill the hound!
The bullfrog barely misses you.
Unknown command.
Aiming: Corrosive Bolt
Press: ? - help, Shift-Dir - straight line, f/p - bullfrog
Aim: a bullfrog (heavily wounded, covered in acid, 64% to hit)
The bolt of acid hits the bullfrog!
The bullfrog seems to be corroded for longer.
You kill the bullfrog!
The bolt of acid misses the wyvern.
A centaur comes into view.
Aiming: Corrosive Bolt
Press: ? - help, Shift-Dir - straight line, f - wyvern
Aim: a wyvern (moderately wounded, covered in acid, 71% to hit)
The bolt of acid hits the wyvern!
The wyvern is severely wounded.
The centaur shouts!
The wyvern bites you.
The centaur wields a +0 shortbow.
The centaur shoots an arrow.
The arrow hits you.
* * * LOW HITPOINT WARNING * * *
Unknown command.
Aiming: Corrosive Bolt
Press: ? - help, Shift-Dir - straight line, f/p - wyvern
Aim: a wyvern (severely wounded, covered in acid, 71% to hit)
The bolt of acid misses the wyvern.
The wyvern bites you!
* * * LOW HITPOINT WARNING * * *
The centaur shoots an arrow.
The arrow hits you!
You die...

###≈§≈#
##§≈.≈≈##
#§≈⌠.⌠≈≈#
+.§.<...+
#≈§§.⌠≈§#
##§≈§§§##
##§§≈##
##l## #@#
#.....#
##.##.#
.# .# .#
.# c#


You could see a wyvern (corroded) and a centaur.

Vanquished Creatures
  An ice beast (D:6)
  2 ogres
  A centaur (D:5)
  3 phantoms
  3 bullfrogs
  A gnoll sergeant (D:4)
  A scorpion (D:6)
  2 wights (D:4)
  A howler monkey (D:4)
  10 hounds
  A jelly (D:5)
  5 orc priests
  8 iguanas
  3 orc wizards
  Robin (D:2)
  13 gnolls (D:4)
  7 adders
  A shadow imp (D:6)
  3 worms
  A dart slug (D:4)
  39 orcs
  6 ball pythons
  5 bats
  4 endoplasms
  10 giant cockroaches
  19 hobgoblins
  15 jackals
  9 kobolds
  3 quokkas
  5 frilled lizards
  16 goblins
  9 rats
208 creatures vanquished.

Vanquished Creatures (collateral kills)
  A worm (D:2)
1 creature vanquished.

Vanquished Creatures (others)
  A hobgoblin (D:3)
  9 plants (D:4)
10 creatures vanquished.

Grand Total: 219 creatures vanquished

Notes
Turn   | Place    | Note
-------+----------+-------------------------------------------
     0 | D:1      | tsouns the Octopode Hunter began the quest for the Orb.
     0 | D:1      | Reached XP level 1. HP: 14/14 MP: 1/1
   108 | D:1      | Reached XP level 2. HP: 19/19 MP: 2/2
   234 | D:1      | Reached XP level 3. HP: 25/25 MP: 3/3
   495 | D:1      | Found a faded altar of an unknown god.
   510 | D:2      | Noticed Robin
   764 | D:2      | Identified the +1 ring mail of a Labyrinth {*Corrode rPois
                  | Str+8}
   845 | D:2      | Found a shimmering altar of Xom.
   889 | D:2      | Reached XP level 4. HP: 30/30 MP: 4/4
  1274 | D:1      | Reached skill level 5 in Ranged Weapons
  1350 | D:2      | Killed Robin
  1418 | D:2      | HP: 1/31 [poisoned by an orc wizard]
  1509 | D:3      | Reached XP level 5. HP: 33/36 MP: 5/5
  1571 | D:3      | Found a white marble altar of Elyvilon.
  1645 | D:3      | Identified a scroll of acquirement
  1645 | D:3      | Acquired a manual of Conjurations
  1651 | D:3      | Learned a level 3 spell: Stone Arrow
  1931 | D:3      | Found a shimmering altar of Xom.
  2149 | D:4      | Found a sacrificial altar of Ru.
  2155 | D:4      | Reached skill level 1 in Conjurations
  2155 | D:4      | Reached XP level 6. HP: 40/42 MP: 5/7
  2172 | D:4      | Became a worshipper of Ru the Awakened
  2219 | D:4      | Found a broken altar of Ashenzari.
  2220 | D:4      | Found a shimmering blue altar of Sif Muna.
  2222 | D:4      | Found a snail-covered altar of Cheibriados.
  2222 | D:4      | Found a blossoming altar of Fedhas.
  2264 | D:4      | Reached skill level 1 in Earth Magic
  2278 | D:4      | Reached skill level 1 in Spellcasting
  2424 | D:4      | Reached XP level 7. HP: 47/47 MP: 9/9
  2522 | D:4      | Found an ancient bone altar of Kikubaaqudgha.
  2600 | D:4      | Found Puthoczio's Distillery.
  2608 | D:4      | Bought 2 potions of curing for 72 gold pieces
  2608 | D:4      | Bought 2 potions of might for 96 gold pieces
  2714 | D:4      | Found the +1 Delatra's gloves {ID++}
  2794 | D:4      | Reached skill level 5 in Stealth
  2971 | D:4      | Reached XP level 8. HP: 54/54 MP: 11/11
  3069 | D:4      | Gained mutation: You are sensitive to extremes of
                  | temperature. (rF-, rC-) [Ru sacrifice]
  3069 | D:4      | Reached * piety under Ru
  3069 | D:4      | Reached ** piety under Ru
  3671 | D:5      | Entered Level 5 of the Dungeon
  3950 | D:5      | Found Ikaen's One-of-a-Kind Rings.
  4237 | D:5      | Reached skill level 5 in Conjurations
  4348 | D:5      | Found a staircase to the Ecumenical Temple.
  4534 | D:6      | Found a glowing silver altar of Zin.
  4658 | D:6      | Reached skill level 5 in Fighting
  4658 | D:6      | Reached XP level 9. HP: 51/61 MP: 14/14
  4746 | D:6      | Found a radiant altar of Vehumet.
  5137 | D:7      | Shot with an arrow by a centaur

Illustrated notes

Levels and vault maps discovered:
D:1:      evilmike_arrival_crescent, layout_basic,
          hellmonk_ecumenical_altar_heavens_door, minmay_tree_intersection
D:2:      layout_loops_ring, basic_altar, chequers_serial_rivers_micro_c,
          minmay_pentomino_v2, uniq_robin
D:3:      layout_loops_ring, xom_teletrap_fun, elyvilon_altar_4,
          chequers_serial_rivers_room_a, chequers_serial_rivers_micro_b
D:4:      lemuel_castle_with_subvaults [lemuel_castle_interior_carwin_2],
          layout_loops_cross, kiku_gazebo_pond_becter, lemuel_crystal_altar,
          grunt_temple_overflow_open, serial_shops, shop_fountains,
          grunt_decor_mini_mirrors, serial_bayou_pond_c, minmay_bent
D:5:      layout_loops_ring, temple_statues, kennysheep_pointless_box,
          nicolae_shop_unique_rings
D:6:      layout_loops_cross, vehumet_altar_wand_db, zin_academy, moated_statue
D:7:      layout_basic, nicolae_dithmenos_shadow_blocks, enter_bailey_5,
          kennysheep_small_circle

Skill      XL: |  1  2  3  4  5  6  7  8  9 |
---------------+----------------------------+-----
Stealth        | 2 3 4 5 6 7 |  7.2
Ranged Weapons | 5 6 7 |  7.2
Fighting       | 3 4 5 |  5.3
Conjurations   | 1 2 3 5 6 |  6.1
Earth Magic    | 1 2 3 4 |  4.2
Spellcasting   | 1 2 3 |  3.8
Dodging        | |  2.0

Action                     |  1- 3 |  4- 6 |  7- 9 || total
---------------------------+-------+-------+-------++-------
  Melee: Trident           |       |    70 |       ||    70
         Constrict         |       |    17 |       ||    17
         Tentacles         |       |    11 |       ||    11
   Fire: Shortbow          |   103 |   116 |   374 ||   593
   Cast: Stone Arrow       |       |     2 |     3 ||     5
 Invoke: Sacrifice Resista |       |       |     1 ||     1
  Evoke: Wand              |       |       |     4 ||     4
    Use: Scroll            |       |    11 |     4 ||    15
         Potion            |       |     6 |     3 ||     9
   Stab: Sleeping          |       |    12 |       ||    12
 Armour: Skin              |     6 |     2 |    11 ||    19
  Dodge: Dodged            |    20 |    64 |    97 ||   181

Table legend: (Time is in decaauts)
 A = Elapsed time spent in this place.
 B = Non-inter-level travel time spent in this place.
 C = Inter-level travel time spent in this place.
 D = Time resting spent in this place.
 E = Time spent auto-exploring this place.
 F = Levels seen in this place.
 G = Mean time per level.
                   A        B        C        D        E       F      G
               +--------+--------+--------+--------+--------+-----+--------+
         Total |   5250 |   4984 |    266 |    100 |   3308 |   7 |  750.0 |
       Dungeon |   5250 |   4984 |    266 |    100 |   3308 |   7 |  750.0 |
               +--------+--------+--------+--------+--------+-----+--------+

Top non-repeatable levels by time:
     D:4: 1578 daAuts
     D:5: 808 daAuts
     D:2: 798 daAuts
     D:3: 708 daAuts
     D:1: 689 daAuts
     D:6: 656 daAuts
     D:7: 11 daAuts
